 Dungeon Crawl Stone Soup version 0.32-a0-33-g74fbe469d6 (webtiles) character file.

Game seed: 11493858308092996827

182 nabalzbhf the Chopper (level 5, 0/42 HPs)
             Began as an Armataur Monk on Jan 21, 2024.
             Slain by a gnoll
             ... wielding a +0 club
              (4 damage)
             ... on level 3 of the Dungeon.
             The game lasted 00:03:59 (2785 turns).

nabalzbhf the Chopper (Armataur Monk)               Turns: 2785, Time: 00:04:00

Health: 0/42       AC:  7    Str: 18    XL:     5   Next: 34%
Magic:  5/5        EV: 10    Int: 10    God:
Gold:   139        SH:  0    Dex: 13    Spells: 4/4 levels left

rFire   . . .        a - +0 hand axe
rCold   . . .        (no shield)
rNeg    . . .        g - +3 leather armour
rPois   .            (no helmet)
rElec   .            (no cloak)
rCorr   .            (no gloves)
SInv    .            (no barding)
Will    .....        (no amulet)
Stlth   +            (no ring)
HPRegen 0.27/turn    (no ring)
MPRegen 0.09/turn

%: roll
@: no status effects
A: large, deformed body, tough skin 3, armoured tail, roll 1
a: no special abilities


You were on level 3 of the Dungeon.
You visited 1 branch of the dungeon, and saw 4 of its levels.

You collected 139 gold pieces.

Inventory:

Hand Weapons
 a - a +0 hand axe (weapon)
 x - a +2 dagger of freezing
Missiles
 f - 28 stones (quivered)
Armour
 d - an orb of light
 g - a +3 leather armour (worn)
 t - an orb of wrath
Magical Staves
 q - a staff of air
Scrolls
 b - a scroll of poison {unknown}
 h - a scroll of vulnerability {unknown}
 i - 2 scrolls of teleportation {unknown}
 k - 3 scrolls of identify {unknown}
 p - 2 scrolls of noise {unknown}
 r - a scroll of blinking {unknown}
 s - a scroll of fog {unknown}
 u - a scroll of torment {unknown}
Potions
 c - a potion of ambrosia
 e - a potion of haste {unknown}
 j - a potion of berserk rage {unknown}
 l - a potion of degeneration {unknown}
 m - 3 potions of might {unknown}
 n - 3 potions of heal wounds {unknown}
 o - 2 potions of attraction {unknown}
 v - a potion of curing {unknown}
 w - a potion of enlightenment {unknown}


   Skills:
 - Level 2.6 Fighting
 * Level 5.1 Axes
 - Level 2.1 Dodging


You had 4 spell levels left.
You didn't know any spells.
Your spell library contained the following spells:

 Spells                   Type           Power      Damage    Failure   Level
 Blink                    Tloc           0%         N/A       56%         2
 Lesser Beckoning         Tloc           0%         N/A       56%         2
 Momentum Strike          Conj/Tloc      0%         3d8       56%         2
 Scorch                   Fire           0%         2d5       56%         2
 Flame Wave               Conj/Fire      0%         2d4       99%         4
 Summon Cactus Giant      Summ           0%         N/A       100%        6


Dungeon Overview and Level Annotations

Branches:
Dungeon (4/15)
 Temple: D:4-7

Altars:
Hepliaklqana


Innate Abilities, Weirdness & Mutations

Armour fits poorly on your strangely shaped body.
You have extremely tough skin. (AC +3)
You have a long armoured tail.
You regenerate magic when rolling toward enemies. (Rampage MPRegen)


Message History

You closely miss the gnoll. The gnoll hits you but does no damage.
The gnoll closely misses you.
You hit the gnoll but do no damage.
The gnoll is heavily wounded.
You hit the gnoll. The gnoll barely misses you.
The gnoll hits you with a +0 club.
You hit the gnoll but do no damage.
The gnoll is heavily wounded.
You hit the gnoll. The gnoll hits you with a +0 flail.
The gnoll hits you with a +0 club!
You are too injured to fight recklessly!
You are too injured to fight recklessly!
You are too injured to fight recklessly!
You hit the gnoll but do no damage.
The gnoll is moderately wounded.
You hit the gnoll but do no damage. The gnoll hits you with a +0 flail!
The gnoll hits you with a +0 club.
* * * LOW HITPOINT WARNING * * *
You barely miss the gnoll.
The gnoll is moderately wounded.
You hit the gnoll. The gnoll hits you with a +0 flail.
* * * LOW HITPOINT WARNING * * *
The gnoll hits you with a +0 club.
* * * LOW HITPOINT WARNING * * *
You hit the gnoll.
The gnoll is severely wounded.
You closely miss the gnoll. The gnoll barely misses you. The gnoll misses you.
You roll towards the gnoll!
You hit the gnoll.
The gnoll is severely wounded.
You hit the gnoll but do no damage.
The gnoll is severely wounded.
The gnoll hits you with a +0 club.
* * * LOW HITPOINT WARNING * * *
You closely miss the gnoll.
The gnoll is severely wounded.
The gnoll misses you. The gnoll attacks as it pursues you!
The gnoll hits you but does no damage. The gnoll attacks as it pursues you!
The gnoll barely misses you. The gnoll attacks as it pursues you!
The gnoll hits you with a +0 club.
You die...

.#####'###......#
.#.......#......###
.#.......#........#
.#.......#####....#
.#.......# #....#
##.......#####.####
.................#
.#####.#.##..###.# ##
#...#..#.## #@# ##
#.#......####g#######
.#
###.....>.g....)....#
.##
#.....#####.......#
..# #.....# #.......#
..# #.....# #.......#
..# ####### #.......#
..# #.......# ..#
#.......#


You could see a gnoll.

Vanquished Creatures
  A jelly (D:4)
  An iguana (D:4)
  7 adders
  A ribbon worm (D:2)
  A dart slug (D:3)
  2 orcs
  An endoplasm (D:3)
  3 giant cockroaches
  7 goblins
  4 hobgoblins
  2 jackals (D:1)
  5 quokkas
  9 ball pythons
  4 bats
  4 frilled lizards
  5 kobolds
  3 rats
60 creatures vanquished.

Notes
Turn   | Place    | Note
-------+----------+-------------------------------------------
     0 | D:1      | nabalzbhf the Armataur Monk began the quest for the Orb.
     0 | D:1      | Reached XP level 1. HP: 18/18 MP: 1/1
   171 | D:1      | Reached XP level 2. HP: 25/25 MP: 2/2
   183 | D:1      | Reached skill level 3 in Axes
  1035 | D:2      | Reached XP level 3. HP: 30/30 MP: 3/3
  1047 | D:2      | Found a faded altar of an unknown god.
  1683 | D:3      | Reached skill level 4 in Axes
  1791 | D:3      | Reached XP level 4. HP: 37/37 MP: 4/4
  2037 | D:3      | Found a hazy altar of Hepliaklqana.
  2286 | D:4      | Reached XP level 5. HP: 41/42 MP: 5/5
  2498 | D:4      | Reached skill level 5 in Axes
  2648 | D:4      | Noticed an ogre
  2785 | D:3      | Slain by a gnoll

Illustrated notes

Levels and vault maps discovered:
D:1:      evilmike_arrival_plus, layout_basic
D:2:      layout_basic, nicolae_ecumenical_oubliette
D:3:      layout_basic, nicolae_hepliaklqana_hippocampus
D:4:      minmay_wonky_spiral, layout_loops_ring

Skill      XL: |  1  2  3  4  5 |
---------------+----------------+-----
Axes           | 3 4 5 |  5.1
Fighting       | |  2.6
Dodging        | |  2.1

Action                     |  1- 3 |  4- 6 || total
---------------------------+-------+-------++-------
  Melee: Hand axe          |   140 |    89 ||   229
         Tailslap          |     6 |     7 ||    13
         Punch             |       |     1 ||     1
   Stab: Sleeping          |     2 |     1 ||     3
 Armour: Robe              |    12 |       ||    12
         Leather armour    |    81 |    66 ||   147
  Dodge: Dodged            |    68 |    46 ||   114

Table legend: (Time is in decaauts)
 A = Elapsed time spent in this place.
 B = Non-inter-level travel time spent in this place.
 C = Inter-level travel time spent in this place.
 D = Time resting spent in this place.
 E = Time spent auto-exploring this place.
 F = Levels seen in this place.
 G = Mean time per level.
                   A        B        C        D        E       F      G
               +--------+--------+--------+--------+--------+-----+--------+
         Total |   2808 |   2624 |    184 |     88 |   1894 |   4 |  702.0 |
       Dungeon |   2808 |   2624 |    184 |     88 |   1894 |   4 |  702.0 |
               +--------+--------+--------+--------+--------+-----+--------+

Top non-repeatable levels by time:
     D:3: 772 daAuts
     D:2: 727 daAuts
     D:1: 703 daAuts
     D:4: 606 daAuts
